 Dungeon Crawl Stone Soup version 0.30-a0-918-g0ff054e9dc (webtiles) character file.

Game seed: 9054663946353996640

168 cforsyth the Trooper (level 5, 0/42 HPs)
             Began as a Human Fighter on Mar 20, 2023.
             Slain by Edmund
             ... wielding a +0 heavy flail
              (11 damage)
             ... on level 3 of the Dungeon.
             The game lasted 00:04:33 (3149 turns).

cforsyth the Trooper (Human Fighter)                Turns: 3149, Time: 00:04:34

Health: 0/42       AC: 15    Str: 18    XL:     5   Next: 78%
Magic:  5/5        EV:  9    Int:  8    God:
Gold:   129        SH:  5    Dex: 13    Spells: 4/4 levels left

rFire   . . .      SeeInvis .    i - +2 flail (protect)
rCold   . . .      Faith    .    c - +0 buckler
rNeg    . . .      Spirit   .    b - +0 scale mail
rPois   .          Reflect  .    e - +1 hat
rElec   .          Rampage  .    (no cloak)
rCorr   .                        (no gloves)
Will    .....                    (no boots) Stlth
                                 (no amulet)
HPRegen 0.27/turn                (no ring)
MPRegen 0.09/turn                (no ring)

@: mighty, under a protective aura
A: no striking features
a: no special abilities


You were on level 3 of the Dungeon.
You visited 1 branch of the dungeon, and saw 4 of its levels.

You collected 129 gold pieces.

Inventory:

Hand Weapons
 a - a +0 flail
 i - a +2 flail of protection (weapon)
Armour
 b - a +0 scale mail (worn)
 c - a +0 buckler (worn)
 e - a +1 hat (worn)
Wands
 q - a wand of iceblast (3)
 t - a wand of mindburst (21)
Scrolls
 j - 2 scrolls of identify {unknown}
 l - a scroll of amnesia {unknown}
 m - a scroll of torment {unknown}
 n - 3 scrolls of magic mapping {unknown}
 o - 2 scrolls of vulnerability {unknown}
 p - a scroll of noise {unknown}
 r - a scroll of acquirement {unknown}
 s - a scroll of teleportation {unknown}
Potions
 f - a potion of heal wounds {unknown}
 g - 4 potions of degeneration {unknown}
 h - a potion of lignification {unknown}
 k - a potion of haste {unknown}
 u - a potion of invisibility {unknown}


   Skills:
 + Level 3.9 Fighting
 + Level 3.2 Maces & Flails
 + Level 3.9 Armour
 + Level 3.9 Shields


You had 4 spell levels left.
You didn't know any spells.
Your spell library contained the following spells:

 Spells                   Type           Power      Damage    Failure   Level
 Ensorcelled Hibernation  Hex/Ice        0%         N/A       95%         2
 Passwall                 Tmut/Erth      0%         N/A       95%         2
 Swiftness                Air            0%         N/A       99%         3


Dungeon Overview and Level Annotations

Branches:
Dungeon (4/15)
 Temple: D:4-7

Altars:
Fedhas

Annotations:
D:3 3 runed translucent doors, Edmund; Pimp's ghost, amateur DsFi


Message History

Level annotation: Edmund The adder hisses angrily.
Edmund hits you with a +0 heavy flail. The steam dragon breathes steam at you.
The ball of steam hits you!
There is a stone staircase leading up here.
You are engulfed in a cloud of scalding steam.
Edmund hits you with a +0 heavy flail!
You climb upwards.
Level annotation: 3 runed translucent doors, Pimp's ghost, amateur DsFi
There is a stone staircase leading down here.
You hit Edmund.
Your weapon exudes an aura of protection.
Edmund is lightly wounded.
You hit Edmund but do no damage.
Edmund is lightly wounded.
Edmund hits you with a +0 heavy flail.
You closely miss Edmund.
Edmund is lightly wounded.
Edmund hits you with a +0 heavy flail.
* * * LOW HITPOINT WARNING * * *
You feel very mighty all of a sudden.
Edmund says, "People think my brother is the best.
I think he's crazy."
You block Edmund's attack.
You sock Edmund!
Edmund is heavily wounded.
Edmund closely misses you.
You barely miss Edmund.
Edmund is heavily wounded.
You completely miss Edmund.
Edmund is heavily wounded.
Edmund completely misses you.
You sock Edmund!
Edmund is severely wounded.
Edmund hits you with a +0 heavy flail.
* * * LOW HITPOINT WARNING * * *
You barely miss Edmund.
Edmund is severely wounded.
Edmund hits you with a +0 heavy flail!
You die...

~...~~# #...# #.# ...~~~♣
#.#.# #.# ...~PP♣ #.#.# #.#
....PP♣ #.#.# #.#
~..~P♣♣♣####.#.##########.#
...~~~♣♣...............##.#
...~~~♣♣........######.##.#
...~~~♣♣###....#######.##.#
...~~~♣ #.......@@..##.##.#
~.~~♣♣# #.#....####.##.##.#
..~♣♣.# #.##.#.# #.#...#.#
..~~.####.##.#.####.......#
..♣♣.†.......#............#
......)...<..#.####......##
###.#####.#.##.# #.#...##
#.# #.#....# #.##)## #.#
#.#..######.##.#


You could see Edmund.

Vanquished Creatures
  An orc priest (D:2)
  An orc wizard (D:3)
  3 adders (D:2)
  A worm (D:2)
  2 dart slugs
  4 orcs
  10 ball pythons
  5 bats
  5 endoplasms
  3 giant cockroaches
  10 hobgoblins
  3 quokkas
  2 frilled lizards
  7 goblins
  8 kobolds
  6 rats
71 creatures vanquished.

Vanquished Creatures (others)
  2 orcs (D:4)
  A goblin (D:4)
  A hobgoblin (D:3)
  5 plants (D:3)
9 creatures vanquished.

Grand Total: 80 creatures vanquished

Notes
Turn   | Place    | Note
-------+----------+-------------------------------------------
     0 | D:1      | cforsyth the Human Fighter began the quest for the Orb.
     0 | D:1      | Reached XP level 1. HP: 18/18 MP: 1/1
   203 | D:1      | Reached XP level 2. HP: 17/24 MP: 2/2
   647 | D:1      | Reached XP level 3. HP: 29/29 MP: 3/3
  1048 | D:2      | Found a faded altar of an unknown god.
  1169 | D:2      | Reached XP level 4. HP: 35/35 MP: 4/4
  1519 | D:2      | Found a blossoming altar of Fedhas.
  1640 | D:2      | Reached XP level 5. HP: 27/42 MP: 5/5
  2141 | D:3      | Found a runed translucent gate.
  2142 | D:3      | Found a runed translucent gate.
  2142 | D:3      | Found a runed translucent gate.
  2145 | D:3      | Noticed Pimp's ghost (amateur DsFi)
  2862 | D:4      | Noticed a steam dragon
  2863 | D:4      | Noticed Edmund
  3149 | D:3      | Slain by Edmund

Illustrated notes

Levels and vault maps discovered:
D:1:      nzn_arrival_crosshair, layout_basic
D:2:      layout_rooms, basic_altar, basic_ecumenical_altar,
          minmay_split_cup_large
D:3:      layout_loops_ring, serial_bayou, serial_bayou_shore_b,
          serial_bayou_pond_a, serial_bayou_lagoon_b, serial_bayou_ford_a,
          gammafunk_ghost_necromancy, minivault_19
D:4:      layout_layer_cave, lightli_temple_of_fire, uniq_edmund

Skill      XL: |  1  2  3  4 |
---------------+-------------+-----
Maces & Flails | 3 |  3.2
Fighting       | |  3.9
Armour         | |  3.9
Shields        | |  3.9

Action                     |  1- 3 |  4- 6 || total
---------------------------+-------+-------++-------
  Melee: Flail             |   121 |   132 ||   253
    Use: Potion            |       |     1 ||     1
 Armour: Scale mail        |    65 |    89 ||   154
  Dodge: Dodged            |    60 |    75 ||   135
  Block: Buckler           |    29 |    23 ||    52

Table legend: (Time is in decaauts)
 A = Elapsed time spent in this place.
 B = Non-inter-level travel time spent in this place.
 C = Inter-level travel time spent in this place.
 D = Time resting spent in this place.
 E = Time spent auto-exploring this place.
 F = Levels seen in this place.
 G = Mean time per level.
                   A        B        C        D        E       F      G
               +--------+--------+--------+--------+--------+-----+--------+
         Total |   3261 |   3178 |     83 |    482 |   1978 |   4 |  815.2 |
       Dungeon |   3261 |   3178 |     83 |    482 |   1978 |   4 |  815.2 |
               +--------+--------+--------+--------+--------+-----+--------+

Top non-repeatable levels by time:
     D:3: 1180 daAuts
     D:1: 1041 daAuts
     D:2: 926 daAuts
     D:4: 112 daAuts
